 Dungeon Crawl Stone Soup version 0.28-b1-38-gff268fdeb9 (webtiles) character file.

Game seed: 6063532403312393037

12 Hantington the Ducker (level 2, 0/23 HPs)
             Began as a Djinni Gladiator on Feb 3, 2022.
             Slain by a quokka (1 damage)
             ... on level 1 of the Dungeon.
             The game lasted 00:00:43 (105 turns).

Hantington the Ducker (Djinni Gladiator)             Turns: 105, Time: 00:00:43

Health: 0/23       AC:  4    Str: 13    XL:     2   Next: 45%
Gold:   0          EV: 12    Int:  9    God:
                   SH:  0    Dex: 14

rFire   + + .      SeeInvis .     - Unarmed
rCold   x . .      Faith    .   (no shield)
rNeg    . . .      Spirit   .   a - +0 leather armour
rPois   ∞          Reflect  .   b - +0 helmet
rElec   .          Harm     .   (no cloak)
rCorr   .          Rampage  .   (no gloves)
Will    .....                   (boots unavailable)
Stlth   +.........              (no amulet)
HPRegen 0.07/turn               (no ring)
MPRegen 0.00/turn               (no ring)

@: flying
A: sickness immunity, fire resistance 2, cold vulnerability 1, float, innate
caster, HP casting, extra vitality 1
a: no special abilities


You were on level 1 of the Dungeon.
You visited 1 branch of the dungeon, and saw 1 of its levels.

Inventory:

Missiles
 c - 3 throwing nets (quivered)
Armour
 a - a +0 leather armour (worn)
 b - a +0 helmet (worn)


   Skills:
 + Level 2.2 Fighting
 + Level 1.6 Throwing
 + Level 3.6 Dodging
 + Level 3.2 Unarmed Combat


You had one spell level left.
You didn't know any spells.
Your spell library was empty.

Dungeon Overview and Level Annotations

Branches:
Dungeon (1/15)

Altars:


Innate Abilities, Weirdness & Mutations

You are immune to sickness and miasma.
You are immune to poison.
Your flesh is very heat resistant. (rF++)
You are vulnerable to cold. (rC-)
You float through the air rather than walking.
You learn spells naturally, not from books.
Your magical power is your life essence.
You have superior vitality. (+4 MHP)


Message History

The frilled lizard hisses.
You hit the frilled lizard.
You kill the frilled lizard!
The frilled lizard bites you.
* * * LOW HITPOINT WARNING * * *
You hit the frilled lizard.
You kill the frilled lizard!
The frilled lizard bites you.
* * * LOW HITPOINT WARNING * * *
You hit the frilled lizard but do no damage.
The frilled lizard barely misses you. The frilled lizard bites you.
* * * LOW HITPOINT WARNING * * *
You hit the frilled lizard but do no damage.
The frilled lizard bites you.
* * * LOW HITPOINT WARNING * * *
You barely miss the frilled lizard. The frilled lizard misses you.
You miss the frilled lizard. The frilled lizard misses you.
You hit the frilled lizard.
You kill the frilled lizard!
You hit the frilled lizard.
You kill the frilled lizard!
Things that are here:
a +0 dagger; 2 stones; a kobold corpse
Found a stone staircase leading down.
You see here a frilled lizard corpse.
A quokka comes into view.
A quokka is nearby!
The quokka bites you but does no damage.
A rat comes into view.
You closely miss the rat.
The quokka bites you but does no damage.
The rat bites you.
* * * LOW HITPOINT WARNING * * *
You hit the rat.
You kill the rat!
The quokka bites you.
* * * LOW HITPOINT WARNING * * *
You see here a rat corpse.
The quokka bites you.
You die...

......#
#........#
<...###
#.......##
......#
##.###..#
......#
#......#####
###.#.# #
#.###......#
....# #.##.
#.######
....# ...
#.# #..##
#.###.# ....
#.@r..# ...#
#.###.# #.
### .. ##.
.. #. ##


You could see a quokka.

Vanquished Creatures
  A dart slug (D:1)
  A kobold (D:1)
  11 frilled lizards (D:1)
  A rat (D:1)
14 creatures vanquished.

Vanquished Creatures (others)
  5 plants (D:1)
5 creatures vanquished.

Grand Total: 19 creatures vanquished

Notes
Turn   | Place    | Note
-------+----------+-------------------------------------------
     0 | D:1      | Hantington the Djinni Gladiator began the quest for the
                  | Orb.
     0 | D:1      | Reached XP level 1. HP: 18/18 MP: 0/0
    40 | D:1      | Reached XP level 2. HP: 13/23 MP: 0/0
   103 | D:1      | HP: 1/23 [quokka (3)]
   105 | D:1      | Slain by a quokka

Illustrated notes

Levels and vault maps discovered:
D:1:      dpeg_arrival_ternary, layout_basic, basic_ecumenical_altar,
          minmay_lizard_king

Action                   || total
-------------------------++-------
Melee: Unarmed           ||    37
       Punch             ||     1
Armor: Leather armour    ||    12
Dodge: Dodged            ||    31
